 Dungeon Crawl Stone Soup version 0.25-a0-785-gb22c70e859 (webtiles) character file.

Game seed: 3048302336648839297, levelgen mode: deterministic

7991 DildoBatman the Artisan of Death (level 11, 0/78 (81) HPs)
             Began as a Formicid Wizard on Apr 16, 2020.
             Was a Priest of Kikubaaqudgha.
             Slain by a two-headed ogre
             ... wielding a +0 giant club
              (11 damage)
             ... on level 11 of the Dungeon on Apr 17, 2020.
             The game lasted 00:56:26 (13691 turns).

DildoBatman the Artisan of Death (Formicid Wizard) Turns: 13691, Time: 00:56:27

HP:   0/78 (81)     AC: 14    Str: 11    XL:     11   Next: 47%
MP:   15/22         EV: 11    Int: 22    God:    Kikubaaqudgha [***...]
Gold: 402           SH:  0    Dex:  9    Spells: 10/25 levels left

rFire    . . .     SeeInvis +   b - +2 whip (venom)
rCold    + . .     Gourm    .   (no shield)
rNeg     . . .     Faith    .   f - +1 ring mail of Resonance {rC+ SInv}
rPois    .         Spirit   .   (helmet unavailable)
rElec    .         Reflect  .   W - +2 cloak
rCorr    .         Harm     .   q - +1 pair of gloves
MR       +....                  z - +0 pair of boots
Stlth    +.........             (no amulet)
HPRegen  0.23/turn              J - ring of wizardry
MPRegen  0.18/turn              P - ring of wizardry

@: no status effects
A: permanent stasis, dig shafts and tunnels, four strong arms, antennae 3
a: Dig, Shaft Self, Receive Corpses, Renounce Religion


You were on level 11 of the Dungeon.
You worshipped Kikubaaqudgha.
Kikubaaqudgha was most pleased with you.
You were not hungry.

You visited 2 branches of the dungeon, and saw 12 of its levels.

You collected 458 gold pieces.
You spent 56 gold pieces at shops.

Inventory:

Hand Weapons
 a - a +2 shortbow of flaming
 b - a +2 whip of venom (weapon)
 U - a cursed +5 hand axe
Missiles
 g - 202 stones (quivered)
 h - 125 bolts
 j - 11 boomerangs
 l - 160 arrows
 y - 9 poisoned darts
 A - 94 sling bullets
 F - 2 throwing nets
 I - 8 silver boomerangs
 Q - 3 atropa-tipped darts
 R - 6 javelins
Armour
 f - the +1 ring mail of Resonance (worn) {rC+ SInv}
   (You found it on level 10 of the Dungeon)

   It protects you from cold.
   It lets you see invisible.
 q - a +1 pair of gloves (worn)
 z - a +0 pair of boots (worn)
 N - a +0 ring mail of fire resistance
 W - a +2 cloak (worn)
Jewellery
 J - a ring of wizardry (left hand)
 P - a ring of wizardry (right hand)
Wands
 O - a wand of paralysis (9)
 S - a wand of flame (30)
Scrolls
 i - 5 scrolls of amnesia
 o - a scroll of fear
 s - 2 scrolls of fog
 t - 2 scrolls of enchant weapon
 u - 4 scrolls of immolation
 x - 5 scrolls of remove curse
 C - a scroll of magic mapping
 K - a scroll of summoning
 L - a scroll of blinking {unknown}
 M - a scroll of vulnerability {unknown}
 T - a scroll of identify
Potions
 d - 2 potions of curing {unknown}
 e - 2 potions of might
 k - 2 potions of cancellation {unknown}
 m - 4 potions of haste {unknown}
 n - a potion of brilliance {unknown}
 p - a potion of heal wounds {unknown}
 r - 3 potions of lignification
 D - 3 potions of flight
 E - 3 potions of berserk rage {unknown}
 G - a potion of stabbing {unknown}
 H - a potion of degeneration {unknown}
Comestibles
 c - 3 chunks of flesh
 v - 19 rations


   Skills:
 - Level 5.9 Fighting
 - Level 5.9 Armour
 - Level 2.4 Dodging
 - Level 2.4 Stealth
 - Level 7.6 Spellcasting
 - Level 6.0 Conjurations
   Level 1.0 Summonings
 - Level 8.2 Necromancy
   Level 0.8 Translocations
 - Level 5.0 Fire Magic
 - Level 5.0 Air Magic
 * Level 1.4 Earth Magic


You had 10 spell levels left.
You knew the following spells:

 Your Spells              Type           Power        Failure   Level  Hunger
a - Conjure Flame         Conj/Fire      ####....     1%          3    None
b - Borgnjor's Vile Clut  Necr/Erth      ####......   16%         5    #####..
c - Magic Dart            Conj           ####         1%          1    None
e - Mephitic Cloud        Conj/Pois/Air  ###.....     3%          3    None
f - Vampiric Draining     Necr           #####.....   1%          3    None

Your spell library contained the following spells:

 Spells                   Type           Power        Failure   Level  Hunger
 Pain                     Necr           ####         1%          1    None
 Corpse Rot               Necr/Air       N/A          1%          2    None
 Sublimation of Blood     Necr           #####.....   1%          2    None
 Animate Dead             Necr           N/A          1%          4    ###....
 Dispel Undead            Necr           #####...     1%          4    ###....
 Poisonous Vapours        Pois/Air       ###...       2%          2    None
 Apportation              Tloc           ##....       3%          1    None
 Summon Butterflies       Summ           ##......     3%          1    None
 Beastly Appendage        Tmut           #.....       4%          1    None
 Sting                    Tmut/Pois      #...         4%          1    None
 Call Imp                 Summ           ##......     4%          2    None
 Agony                    Necr           #####...     4%          5    #####..
 Slow                     Hex            #.......     7%          2    None
 Sticks to Snakes         Tmut           #.......     7%          2    None
 Ignite Poison            Fire/Tmut/Pois ###.....     7%          3    None
 Lesser Beckoning         Tloc           ##........   10%         3    None
 Spider Form              Tmut/Pois      #.........   13%         3    None
 Tukima's Dance           Hex            #.......     13%         3    None
 Excruciating Wounds      Chrm/Necr      ####......   21%         5    #####..
 Ice Form                 Ice/Tmut       #.......     38%         4    ###....
 Olgreb's Toxic Radiance  Pois           #.......     38%         4    ###....
 Alistair's Intoxication  Tmut/Pois      #.......     71%         5    #####..
 Blade Hands              Tmut           #.........   71%         5    #####..
 Invisibility             Hex            #.......     99%         6    ######.
 Blink                    Tloc           Unusable     N/A         2    N/A

Dungeon Overview and Level Annotations

Branches:
Dungeon (11/15)            Temple (1/1) D:5             Orc (0/2) D:9
   Lair: D:8-11

Altars:
Ashenzari
Cheibriados
Dithmenos
Elyvilon
Fedhas
Gozag
Hepliaklqana
Kikubaaqudgha
Makhleb
Nemelex Xobeh
Okawaru
Qazlal
Ru
Sif Muna
Trog
Uskayaw
Vehumet
Wu Jian
Xom
Yredelemnul
Zin
The Shining One
Lugonu

Shops:
D:8 ?

Annotations:
D:6 2 runed translucent doors, ting's ghost, novice TrMo


Innate Abilities, Weirdness & Mutations

You cannot be hasted, slowed, berserked, paralysed or teleported.
You can dig through walls and to a lower floor.
Your four strong arms can wield two-handed weapons with a shield.
You have a pair of large antennae on your head. (SInv)


Message History

The two-headed ogre hits you with a +0 giant club. x2
The basilisk bites you but does no damage.
The porcupine bites you but does no damage.
The centaur hits you but does no damage.
The porcupine barely misses you. The basilisk bites you!
The centaur hits you but does no damage.
The two-headed ogre hits you with a +0 giant club! x2
The centaur hits you but does no damage.
The porcupine bites you but does no damage.
The basilisk bites you but does no damage.
You turn to flesh and can move again.
There is a stone staircase leading up, spattered with blood here.
You see here 2 arrows.
The centaur closely misses you. The porcupine misses you.
The two-headed ogre hits you with a +0 giant club!!
The two-headed ogre hits you with a +0 giant club!
You die...
Kikubaaqudgha rasps: "You have failed me!
Welcome... death!" ###.......... #####..# #............ ......# #.......###.. .....# #.?.....# #.. ....# #.{.....# #.. #...# ##.......# #.. ...#. #...###........# #.. ..... #...##.#.......# #.. ...... #.O@#(##.{.....# #..
PcO...

#.lrc###.......###..
.P....####%.Z##
#............ ..^P.........#
#............ ........(....#
#............
P....P..รท....#
#........#### ....P...(....#
#........# PP.....[##..>#
#..........
........##..................


You could see a two-headed ogre, a basilisk, a centaur, a porcupine and a wyvern
skeleton.

Vanquished Creatures
  A two-headed ogre (D:10)
  2 komodo dragons (D:10)
  2 trolls
  2 hippogriffs
  A human (D:8)
  4 hogs (D:8)
  A hungry ghost (D:7)
  Menkaure (D:3)
  2 porcupines (D:11)
  3 sky beasts
  4 orc warriors
  2 ice beasts
  An eye of draining (D:8)
  A necrophage (D:5)
  6 ogres
  A wolf (D:10)
  4 centaurs
  3 crocodiles
  A big kobold (D:8)
  6 bullfrogs
  2 scorpions
  4 killer bees (D:10)
  3 howler monkeys
  12 wights
  2 electric eels (D:9)
  6 crimson imps
  3 bullfrog zombies
  5 orc priests
  8 orc wizards
  7 hounds
  2 jellies
  A centaur skeleton (D:8)
  A gnoll shaman (D:4)
  2 bullfrog skeletons
  An iron imp (D:9)
  4 iguanas
  8 worker ants
  A hound zombie (D:9)
  9 gnolls
  9 adders
  A shadow imp (D:6)
  2 oozes
  An adder zombie (D:6)
  An adder skeleton (D:4)
  4 dart slugs (D:1)
  5 leopard geckos
  26 orcs
  3 ball pythons
  6 giant cockroaches
  4 goblins
  3 hobgoblins
  2 jackals (D:6)
  3 kobolds
  5 quokkas
  5 bats (D:1)
  A frilled lizard (D:1)
  A goblin skeleton (D:9)
  A goblin zombie (D:9)
  5 hobgoblin zombies (D:9)
  A jackal skeleton (D:4)
  An orc skeleton (D:9)
  3 orc zombies (D:9)
  4 rats
226 creatures vanquished.

Vanquished Creatures (collateral kills)
  A killer bee (D:10)
1 creature vanquished.

Vanquished Creatures (others)
  2 fungi (D:11)
  7 plants (D:11)
9 creatures vanquished.

Grand Total: 236 creatures vanquished

Notes
Turn   | Place    | Note
-------+----------+-------------------------------------------
     0 | D:1      | DildoBatman the Formicid Wizard began the quest for the
                  | Orb.
     0 | D:1      | Reached XP level 1. HP: 13/13 MP: 4/4
    38 | D:1      | Reached skill level 1 in Conjurations
   642 | D:1      | Reached XP level 2. HP: 15/19 MP: 0/6
  1131 | D:1      | Reached XP level 3. HP: 5/24 MP: 0/7
  1136 | D:1      | Learned a level 3 spell: Conjure Flame
  1140 | D:1      | Learned a level 3 spell: Mephitic Cloud
  1969 | D:2      | Noticed a scorpion
  2828 | D:3      | Reached XP level 4. HP: 30/30 MP: 6/8
  2849 | D:3      | Found a bloodstained altar of Trog.
  2991 | D:3      | Found a hazy altar of Hepliaklqana.
  3260 | D:3      | Found a hide-covered altar of Uskayaw.
  3265 | D:3      | Found a shadowy altar of Dithmenos.
  3400 | D:4      | Noticed an ogre
  3429 | D:4      | Killed an ogre
  3429 | D:4      | Reached XP level 5. HP: 35/35 MP: 4/9
  3475 | D:4      | Reached skill level 5 in Conjurations
  3475 | D:4      | Reached XP level 6. HP: 33/41 MP: 2/10
  3491 | D:4      | Found a sparkling altar of Nemelex Xobeh.
  3548 | D:4      | Noticed Menkaure
  3671 | D:4      | Found a glowing golden altar of the Shining One.
  4239 | D:4      | Reached XP level 7. HP: 19/46 MP: 7/11
  4346 | D:4      | Reached skill level 1 in Fire Magic
  4382 | D:4      | Found a sacrificial altar of Ru.
  4614 | D:5      | Entered Level 5 of the Dungeon
  4625 | D:5      | Reached skill level 1 in Air Magic
  4711 | D:5      | Found a burning altar of Makhleb.
  4915 | D:5      | Found a staircase to the Ecumenical Temple.
  4925 | Temple   | Entered the Ecumenical Temple
  5116 | D:5      | Found a basalt altar of Yredelemnul.
  5543 | D:6      | Reached XP level 8. HP: 50/52 MP: 6/12
  5547 | D:6      | Found a shattered altar of Ashenzari.
  5574 | D:6      | Found a large runed translucent door.
  5574 | D:6      | Found a large runed translucent door.
  5576 | D:6      | Noticed ting's ghost (novice TrMo)
  5706 | D:6      | Reached skill level 1 in Fighting
  5825 | D:6      | Reached skill level 1 in Armour
  5862 | D:6      | Found a shadowy altar of Dithmenos.
  6081 | D:7      | Noticed a hippogriff
  6298 | D:6      | Found a stormy altar of Qazlal.
  6811 | D:7      | Killed a hippogriff
  6884 | D:7      | Reached XP level 9. HP: 52/60 MP: 3/13
  7057 | D:8      | Found an ornate altar of the Wu Jian Council.
  7568 | D:7      | Reached skill level 5 in Fire Magic
  8947 | D:5      | Reached skill level 5 in Fighting
  8947 | D:5      | Reached skill level 5 in Armour
  8947 | D:5      | Reached skill level 5 in Air Magic
  9211 | D:9      | Found an ancient bone altar of Kikubaaqudgha.
  9217 | D:9      | Became a worshipper of Kikubaaqudgha
  9536 | D:9      | Found a glowing golden altar of the Shining One.
  9587 | D:9      | Found a staircase to the Orcish Mines.
  9772 | D:9      | Reached XP level 10. HP: 71/71 MP: 8/15
 10233 | D:3      | Killed Menkaure
 10351 | D:8      | Reached skill level 5 in Spellcasting
 10352 | D:8      | Reached * piety under Kikubaaqudgha
 10352 | D:8      | Identified Kikubaaqudgha's Grimoire of Evil Magic
                  | (Kikubaaqudgha gifted it to you on level 8 of the Dungeon)
 10352 | D:8      | Received a gift from Kikubaaqudgha
 10367 | D:8      | Learned a level 3 spell: Vampiric Draining
 10469 | D:8      | Reached skill level 1 in Necromancy
 10581 | D:8      | Reached skill level 2 in Necromancy
 10741 | D:8      | Reached skill level 3 in Necromancy
 10979 | D:8      | Found Agogipops's Magic Scroll Emporium.
 11056 | D:8      | Bought a scroll of fear for 56 gold pieces
 11209 | D:8      | Reached skill level 4 in Necromancy
 11767 | D:10     | Entered Level 10 of the Dungeon
 11829 | D:10     | Reached ** piety under Kikubaaqudgha
 11882 | D:10     | Got a faintly humming ring mail
 11886 | D:10     | Noticed a two-headed ogre
 11904 | D:10     | Killed a two-headed ogre
 11904 | D:10     | Reached skill level 5 in Necromancy
 11916 | D:10     | Reached XP level 11. HP: 72/77 MP: 15/22
 12025 | D:10     | Reached skill level 6 in Necromancy
 12449 | D:10     | Reached skill level 7 in Necromancy
 13168 | D:10     | Reached skill level 8 in Necromancy
 13577 | D:10     | Identified the +1 ring mail of Resonance {rC+ SInv} (You
                  | found it on level 10 of the Dungeon)
 13643 | D:10     | Reached *** piety under Kikubaaqudgha
 13643 | D:10     | Identified Kikubaaqudgha's Guide on Evil (Kikubaaqudgha
                  | gifted it to you on level 10 of the Dungeon)
 13643 | D:10     | Received a gift from Kikubaaqudgha
 13651 | D:10     | Learned a level 5 spell: Borgnjor's Vile Clutch
 13669 | D:11     | Reached skill level 1 in Earth Magic
 13675 | D:11     | Noticed a two-headed ogre
 13691 | D:11     | Slain by a two-headed ogre

Levels and vault maps discovered:
D:1:      sevenhm_arrival_forest_fort_large_4, layout_basic,
          minmay_misc_feat_pillars
D:2:      layout_basic, first_ration
D:3:      layout_rooms, overflow_temple_1_default, lemuel_doored_altar,
          minitemple
D:4:      layout_rooms, overflow_temple_1_default,
          lemuel_coloured_pillars_altar, nicolae_ru_the_path_less_chosen,
          uniq_menkaure
D:5:      layout_basic, bloody_makhleb, nicolae_overflow_crystal_walls,
          minmay_temple_entry_ruins, kennysheep_generic_room_9
D:6:      layout_basic, nicolae_ashenzari_panopticon, old_standard_altar,
          ebering_ghost_disaster_area, nicolae_dithmenos_the_darkroom
D:7:      layout_cave_pods
D:8:      layout_basic, overflow_temple_1_default, serial_shops,
          nicolae_shop_crystal, grunt_livestock, minmay_diced_spiral
D:9:      layout_rooms, kiku_gazebo_garden_becter, orc_0_dummy,
          kennysheep_cluttered_room, chequers_garden, minmay_crystal_water,
          nicolae_tso_besieged_by_evil
D:10:     layout_irregular_city, grunt_ministairs_14, uniq_grum
D:11:     layout_small_grid, minmay_lair_entry_grove
Temple:   corrupted_temple

Skill      XL: |  1  2  3  4  5  6  7  8  9 10 11 |
---------------+----------------------------------+-----
Conjurations   | 1 2 3 4 5 6 |  6.0
Fire Magic     | 3 4 5 |  5.0
Air Magic      | 2 3 5 |  5.0
Fighting       | 2 5 |  5.9
Armour         | 2 5 |  5.9
Spellcasting   | 7 |  7.6
Necromancy     | 5 8 |  8.2
Dodging        | 2 |  2.4
Earth Magic    | 1 |  1.4
Stealth        | |  2.4
Summonings     | |  1.0
Translocations | |  0.8

Action                   |  1- 3 |  4- 6 |  7- 9 | 10-12 || total
-------------------------+-------+-------+-------+-------++-------
Melee: Unarmed           |     3 |       |    18 |       ||    21
       Club              |    10 |       |       |       ||    10
       Spear             |     2 |    72 |     2 |       ||    76
       Whip              |       |       |   209 |   191 ||   400
       Trident           |       |       |   150 |    43 ||   193
 Fire: Shortbow          |       |       |       |    86 ||    86
 Cast: Magic Dart        |    92 |    43 |   131 |    85 ||   351
       Mephitic Cloud    |       |     9 |    30 |    58 ||    97
       Conjure Flame     |       |     2 |    40 |    34 ||    76
       Vampiric Draining |       |       |       |     7 ||     7
 Abil: Dig               |     1 |     5 |    12 |     6 ||    24
  Use: Scroll            |       |       |    10 |     3 ||    13
       Potion            |       |       |       |     2 ||     2
 Stab: Confused          |       |     4 |    10 |    10 ||    24
  Eat: Chunk             |     5 |     4 |    19 |    12 ||    40
       Ration            |       |     1 |     2 |     1 ||     4
Armor: Robe              |     6 |    22 |    74 |    48 ||   150
       Skin              |       |       |       |    49 ||    49
       Ring mail         |       |       |       |    18 ||    18
Dodge: Dodged            |    13 |    41 |   172 |   115 ||   341

Table legend:
 A = Non-vault XP
 B = Vault XP
 C = Vault XP percentage of total XP
 D = Non-vault monster count
 E = Vault monster count
 F = Vault count percentage of total count
                 A         B        C        D         E       F
            +---------+---------+-------+---------+---------+-------
      Total |    9328 |    2088 |  18.3 |     197 |      30 |  13.2
            +---------+---------+-------+---------+---------+-------
        D:1 |      50 |       0 |   0.0 |      22 |       0 |   0.0
        D:2 |      84 |       0 |   0.0 |       5 |       0 |   0.0
        D:3 |     139 |     175 |  55.7 |      14 |       1 |   6.7
        D:4 |     392 |       0 |   0.0 |      16 |       0 |   0.0
        D:5 |     440 |       2 |   0.5 |      12 |       1 |   7.7
        D:6 |    1358 |       0 |   0.0 |      27 |       0 |   0.0
        D:7 |     907 |       0 |   0.0 |      15 |       0 |   0.0
        D:8 |    1399 |    1200 |  46.2 |      27 |       8 |  22.9
        D:9 |     217 |      92 |  29.8 |       7 |      13 |  65.0
       D:10 |    3569 |     289 |   7.5 |      43 |       4 |   8.5
       D:11 |     773 |     280 |  26.6 |       9 |       2 |  18.2
     Temple |       0 |      50 | 100.0 |       0 |       1 | 100.0
            +---------+---------+-------+---------+---------+-------
